Reign vs Moose

Created - March 17, 2022 at 23:22

Goals
1 2 3 T
Reign 2 3 2 7
Moose 1 2 3 6
Shots
1 2 3 T
Reign 11 13 10 34
Moose 13 16 12 41

1st period

1. Reign , Nikita Tryamkin 1 (Andreas Martinsen 26, Nathan Gerbe 3) at 0:26
2. Reign , Andreas Martinsen 24 (Tyler Pitlick 29, Nathan Gerbe 4) at 3:10
3. Moose , Rem Pitlick 5 (Nathan Walker 19, Vladislav Gavrikov 13) at 19:09

Penalties :
Logan Stanley (Ont) for Delaying the game (Minor) at 7:57, Jack Dougherty (Ont) for Holding (Minor) at 10:51, Rem Pitlick (Man) for Hooking (Minor) at 16:27

2nd period

4. Moose , Miro Aaltonen 28 (Nathan Walker 20, Iiro Pakarinen 28) at 2:30 (PP)
5. Moose , Iiro Pakarinen 27 (Troy Stetcher 48) at 3:48 (PP)
6. Reign , Josh Anderson 12 (Joel Eriksson Ek 13, Joachim Blichfeld 17) at 9:42
7. Reign , Rourke Chartier 15 (Thomas Chabot 18, William Nylander 30) at 13:25 (PP)
8. Reign , Joel Eriksson Ek 13 (Thomas Chabot 19, Dylan Blujus 15) at 17:48

Penalties :
Phillip Danault (Ont) for Interference (Minor) at 2:12, Thomas Chabot (Ont) for Hooking (Minor) at 2:53, Andreas Martinsen (Ont) for Hooking (Minor) at 6:58, Pierre-Luc Dubois (Man) for Interference (Minor) at 13:08, Austin Czarnik (Ont) for Roughing (Minor) at 19:30

3rd period

9. Moose , Miro Aaltonen 29 (Troy Stetcher 49) at 4:44
10. Moose , Troy Stetcher 13 (Miro Aaltonen 46, Frank Vatrano 23) at 6:01
11. Moose , Michael McLeod 15 (Travis Sanheim 24, Frank Vatrano 24) at 10:05
12. Reign , Tyler Pitlick 13 (Andreas Martinsen 27) at 12:23 (PP)
13. Reign , Tyler Pitlick 14 (Nathan Gerbe 5) at 19:10

Penalties :
Michael McLeod (Man) for Holding (Minor) at 11:48, Frank Vatrano (Man) for Holding (Minor) at 14:11

Goalie Stats

Carter Hart (Ont), 35 saves from 41 shots - (0.854), W, 18-12-0, 60:00 minutes
Filip Gustavsson (Man), 19 saves from 24 shots - (0.792), 37:48 minutes
Emil Larmi (Man), 8 saves from 10 shots - (0.800), L, 7-5-2, 21:28 minutes

Players Stats for Reign

Player Name              G  A  P  +/- PIM S  H  SB GA TA FO     MP     PP MP  PK MP  
------------------------------------------------------------------------------------
Andreas Martinsen        1  2  3   3  2   4  4  1  0  0  1/3    17:27   1:16   2:32 
Austin Czarnik           0  0  0  -1  2   1  1  0  0  0  0/0    10:22   0:00   0:00 
Dylan Blujus             0  1  1   1  0   0  1  1  0  0  0/0    19:35   1:21   5:43 
Jack Dougherty           0  0  0  -2  2   0  0  3  0  0  0/0    15:08   0:39   0:00 
Jakob Chychrun           0  0  0  -1  0   1  0  1  0  0  0/0    16:47   2:50   0:00 
Joachim Blichfeld        0  1  1   0  0   2  0  0  0  0  0/1     9:26   0:00   0:00 
Joel Eriksson Ek         1  1  2   0  0   2  2  1  0  0  5/16   16:06   0:00   4:46 
Jordan Schmaltz          0  0  0   3  0   2  1  1  0  0  0/0    20:17   0:00   5:43 
Josh Anderson            1  0  1   0  0   3  0  0  0  0  0/0     9:26   0:00   0:00 
Kurtis Macdermid         0  0  0  -1  0   0  0  0  0  0  0/0     4:47   0:00   0:19 
Logan Stanley            0  0  0  -1  2   0  1  0  0  0  0/0     4:39   0:00   0:00 
Matthew Tkachuk          0  0  0  -1  0   3  1  0  0  0  0/0    15:41   3:34   0:00 
Nathan Gerbe             0  3  3   3  0   3  1  0  0  0  6/10   12:56   0:00   0:36 
Nikita Tryamkin          1  0  1   2  0   2  1  3  0  0  0/0    19:47   1:16   3:26 
Phillip Danault          0  0  0  -1  2   0  3  0  0  0  0/0    12:51   0:00   3:13 
Rourke Chartier          1  0  1  -1  0   4  1  0  1  0  17/25  16:22   3:34   0:06 
Thomas Chabot            0  2  2   1  2   1  1  1  1  0  0/0    19:10   3:34   3:07 
Trevor Moore             0  0  0  -1  0   0  0  0  0  0  2/6     9:26   0:00   0:00 
Tyler Pitlick            2  1  3   3  0   2  1  1  0  0  0/0    14:21   1:16   0:00 
Tyson Jost               0  0  0   0  0   1  1  0  0  0  0/2     7:48   1:16   5:11 
William Nylander         0  1  1  -1  0   3  2  0  0  0  0/2    18:23   3:34   1:54 

Players Stats for Moose

Player Name              G  A  P  +/- PIM S  H  SB GA TA FO     MP     PP MP  PK MP  
------------------------------------------------------------------------------------
Carl Grundstrom          0  0  0  -2  0   0  1  0  0  0  0/0     6:34   0:00   0:00 
Chase De Leo             0  0  0  -2  0   3  0  0  0  0  1/3     7:35   0:07   0:48 
Dominik Kahun            0  0  0   0  0   2  1  0  0  0  7/15   16:43   2:56   0:24 
Erik Cernak              0  0  0   0  0   0  0  1  0  0  0/0    14:53   1:25   1:39 
Frank Vatrano            0  2  2  -1  2   0  2  4  0  0  3/5    21:15   3:14   2:12 
Iiro Pakarinen           1  1  2   0  0   7  3  1  0  0  2/2    18:57   5:16   0:38 
Jeremy Bracco            0  0  0   1  0   1  1  0  0  0  1/1     9:51   0:00   0:00 
Ludwig Bystrom           0  0  0  -2  0   0  0  2  0  0  0/0    24:30   3:28   3:11 
Michael McLeod           1  0  1   2  2   6  1  0  0  0  2/9    12:10   0:39   0:48 
Mirco Mueller            0  0  0   0  0   0  1  0  0  1  0/0    12:15   0:00   3:11 
Miro Aaltonen            2  1  3  -1  0   4  1  1  0  0  15/26  21:19   5:55   0:00 
Nathan Walker            0  2  2   0  0   5  1  0  0  1  2/2    23:27   5:53   1:27 
Nikolay Goldobin         0  0  0   0  0   4  4  0  0  0  0/1    19:26   2:54   3:13 
Pierre-Luc Dubois        0  0  0  -2  2   0  1  0  0  0  0/0     6:50   0:07   0:10 
Rem Pitlick              1  0  1   2  2   1  3  0  0  0  1/1    10:59   0:26   0:00 
Travis Sanheim           0  1  1   1  0   4  1  1  0  0  0/0    23:20   4:16   0:00 
Troy Stetcher            1  2  3  -2  0   2  1  1  0  0  0/0    25:51   5:41   0:00 
Vladislav Gavrikov       0  1  1   1  0   2  0  0  0  0  0/0    19:11   3:28   1:39 

3 Stars

1 - Tyler Pitlick (Ont)
2 - Andreas Martinsen (Ont)
3 - Nathan Gerbe (Ont)

Power Play

Reign - 2 on 4 Attempt(s) - 50.00%
Moose - 2 on 6 Attempt(s) - 33.33%

Penalty Kill

Reign - 4 on 6 Attempt(s) - 66.67% - Score 0 goal in Penalty Kill
Moose - 2 on 4 Attempt(s) - 50.00% - Score 0 goal in Penalty Kill

Team Stat

Reign - Hits : 22 - Faceoff Wins : 31 - Blocked Shots : 13 - Penalty Minutes : 12
Moose - Hits : 22 - Faceoff Wins : 34 - Blocked Shots : 11 - Penalty Minutes : 8

Official

Referees : Chris Schlenker and Mitch Dunning
Linesman : Bevan Mills and David Brisebois

Game Notes

Emil Larmi enters game at 17:48 of 2nd period

Finance

Level 1 -- Attendance: 1737 (86.85%) -- Ticket Income $60,795
Level 2 -- Attendance: 972 (97.20%) -- Ticket Income $14,580
Total Attendance: 2709 (90.30%)
Total Ticket Income: $75,375
Other Income: $3,769
Total Income: $79,144

Reign

5 vs 5 Forward 
   Center                   Left Wing                Right Wing               Time % Phy DF OF 
 1 Nathan Gerbe             Andreas Martinsen        Tyler Pitlick            30     0   3  2  
 2 Rourke Chartier          William Nylander         Matthew Tkachuk          30     0   3  2  
 3 Trevor Moore             Phillip Danault          Austin Czarnik           20     0   3  2  
 4 Joel Eriksson Ek         Joachim Blichfeld        Josh Anderson            20     0   3  2  

5 vs 5 Defense 
   Defense                  Defense                                           Time % Phy DF OF 
 1 Jordan Schmaltz          Nikita Tryamkin                                   30     1   3  1  
 2 Dylan Blujus             Thomas Chabot                                     30     0   3  2  
 3 Jack Dougherty           Jakob Chychrun                                    30     1   3  1  
 4 Logan Stanley            Kurtis Macdermid                                  10     2   2  1  

PowerPlay Forward 
   Center                   Left Wing                Right Wing               Time % Phy DF OF 
 1 Rourke Chartier          William Nylander         Matthew Tkachuk          60     0   1  4  
 2 Tyson Jost               Andreas Martinsen        Tyler Pitlick            40     0   1  4  

PowerPlay Defense
   Defense                  Defense                                           Time % Phy DF OF 
 1 Thomas Chabot            Jakob Chychrun                                    60     0   2  3  
 2 Jack Dougherty           Nikita Tryamkin                                   40     0   2  3  

Penalty Kill 4 Players Forward 
   Center                   Wing                     Time % Phy DF OF 
 1 Joel Eriksson Ek         Tyson Jost               60     1   2  2  
 2 Andreas Martinsen        Phillip Danault          40     1   2  2  

Penalty Kill 4 Players Defense
   Defense                  Defense                  Time % Phy DF OF 
 1 Dylan Blujus             Jordan Schmaltz          60     1   2  2  
 2 Nikita Tryamkin          Thomas Chabot            40     1   2  2  

Penalty Kill - 3 Players Forward 
   Forward                                           Time % Phy DF OF 
 1 Andreas Martinsen                                 60     1   2  2  
 2 Tyson Jost                                        40     1   2  2  

Penalty Kill - 3 Players Defense
   Defense                  Defense                  Time % Phy DF OF 
 1 Dylan Blujus             Jordan Schmaltz          60     1   2  2  
 2 Nikita Tryamkin          Thomas Chabot            40     1   2  2  

4 vs 4 Forward 
   Center                   Wing                     Time % Phy DF OF 
 1 William Nylander         Tyler Pitlick            60     1   2  2  
 2 Rourke Chartier          Matthew Tkachuk          40     1   2  2  

4 vs 4 Defense
   Defense                  Defense                  Time % Phy DF OF 
 1 Jordan Schmaltz          Nikita Tryamkin          60     1   2  2  
 2 Dylan Blujus             Thomas Chabot            40     1   2  2  

Last Minutes Offensive
   Center                   Left Wing                Right Wing               Defense                  Defense                  
   Rourke Chartier          William Nylander         Tyler Pitlick            Jakob Chychrun           Thomas Chabot            

Last Minutes Defensive
   Center                   Left Wing                Right Wing               Defense                  Defense                  
   Joel Eriksson Ek         Andreas Martinsen        Tyler Pitlick            Dylan Blujus             Jordan Schmaltz          

Goaltenders
Starting : Carter Hart              
Backup : Jordan Binnington        

Extra Forwards
Normal : William Nylander, Andreas Martinsen, Joachim Blichfeld - PP : Joachim Blichfeld, Joel Eriksson Ek - PK : William Nylander
Extra Defensemen
Normal : Dylan Blujus, Thomas Chabot, Jakob Chychrun - PP : Jack Dougherty - PK : Thomas Chabot, Kurtis Macdermid
Penalty Shots
Rourke Chartier, Nathan Gerbe, Phillip Danault, Austin Czarnik, Joachim Blichfeld

Scratches
Blake Lizotte (Healthy), Bokondji Imama (Healthy), Jacob Josefson (Healthy), Joel Vermin (Healthy), Timo Meier (Bruised Right Shoulder Injury)
Michael Pezzetta (Healthy), Cal Petersen (Healthy), Sami Aittokallio (Healthy)

Moose

5 vs 5 Forward 
   Center                   Left Wing                Right Wing               Time % Phy DF OF 
 1 Miro Aaltonen            Nathan Walker            Frank Vatrano            40     1   2  2  
 2 Dominik Kahun            Nikolay Goldobin         Iiro Pakarinen           30     1   2  2  
 3 Michael McLeod           Rem Pitlick              Jeremy Bracco            20     1   2  2  
 4 Chase De Leo             Pierre-Luc Dubois        Carl Grundstrom          10     1   2  2  

5 vs 5 Defense 
   Defense                  Defense                                           Time % Phy DF OF 
 1 Troy Stetcher            Ludwig Bystrom                                    40     1   2  2  
 2 Vladislav Gavrikov       Travis Sanheim                                    30     1   2  2  
 3 Mirco Mueller            Erik Cernak                                       20     1   2  2  
 4 Travis Sanheim           Erik Cernak                                       10     1   2  2  

PowerPlay Forward 
   Center                   Left Wing                Right Wing               Time % Phy DF OF 
 1 Miro Aaltonen            Nathan Walker            Iiro Pakarinen           60     1   2  2  
 2 Dominik Kahun            Nikolay Goldobin         Frank Vatrano            40     1   2  2  

PowerPlay Defense
   Defense                  Defense                                           Time % Phy DF OF 
 1 Troy Stetcher            Travis Sanheim                                    60     1   2  2  
 2 Vladislav Gavrikov       Ludwig Bystrom                                    40     1   2  2  

Penalty Kill 4 Players Forward 
   Center                   Wing                     Time % Phy DF OF 
 1 Frank Vatrano            Nikolay Goldobin         60     1   2  2  
 2 Nathan Walker            Iiro Pakarinen           40     1   2  2  

Penalty Kill 4 Players Defense
   Defense                  Defense                  Time % Phy DF OF 
 1 Mirco Mueller            Ludwig Bystrom           60     1   2  2  
 2 Vladislav Gavrikov       Erik Cernak              40     1   2  2  

Penalty Kill - 3 Players Forward 
   Forward                                           Time % Phy DF OF 
 1 Iiro Pakarinen                                    60     1   2  2  
 2 Miro Aaltonen                                     40     1   2  2  

Penalty Kill - 3 Players Defense
   Defense                  Defense                  Time % Phy DF OF 
 1 Mirco Mueller            Ludwig Bystrom           60     1   2  2  
 2 Vladislav Gavrikov       Erik Cernak              40     1   2  2  

4 vs 4 Forward 
   Center                   Wing                     Time % Phy DF OF 
 1 Iiro Pakarinen           Miro Aaltonen            60     1   2  2  
 2 Dominik Kahun            Frank Vatrano            40     1   2  2  

4 vs 4 Defense
   Defense                  Defense                  Time % Phy DF OF 
 1 Troy Stetcher            Ludwig Bystrom           60     1   2  2  
 2 Vladislav Gavrikov       Travis Sanheim           40     1   2  2  

Last Minutes Offensive
   Center                   Left Wing                Right Wing               Defense                  Defense                  
   Miro Aaltonen            Nathan Walker            Iiro Pakarinen           Troy Stetcher            Travis Sanheim           

Last Minutes Defensive
   Center                   Left Wing                Right Wing               Defense                  Defense                  
   Miro Aaltonen            Nathan Walker            Iiro Pakarinen           Mirco Mueller            Ludwig Bystrom           

Goaltenders
Starting : Filip Gustavsson         
Backup : Emil Larmi               

Extra Forwards
Normal : Michael McLeod, Nathan Walker, Frank Vatrano - PP : Michael McLeod, Rem Pitlick - PK : Michael McLeod
Extra Defensemen
Normal : Mirco Mueller, Erik Cernak, Vladislav Gavrikov - PP : Vladislav Gavrikov - PK : Ludwig Bystrom, Vladislav Gavrikov
Penalty Shots
Nathan Walker, Miro Aaltonen, Michael McLeod, Nikolay Goldobin, Rem Pitlick

Scratches
David Kase (Healthy), Jesse Graham (Healthy), Matthew Benning (Healthy), Mitchell Stephens (Healthy), Oskar Lindblom (Healthy)
Sami Niku (Healthy), Julien Gauthier (Healthy), Josh Mahura (Healthy), Max Jones (Healthy), Nathan Bastian (Healthy)
Tim Gettinger (Healthy), Joey Daccord (Healthy), Magnus Hellberg (Healthy)

% Time on Ice - Reign

Lines # - Real PCT - Wanted PCT - Time Play
Normal Forward
1 - 30% - 30% - 13:26
2 - 29% - 30% - 12:54
3 - 21% - 20% - 9:26
4 - 21% - 20% - 9:26
Normal Defense
1 - 33% - 30% - 14:45
2 - 27% - 30% - 12:13
3 - 30% - 30% - 13:46
4 - 10% - 10% - 4:28
PP Forward
1 - 74% - 60% - 3:34
2 - 26% - 40% - 1:16
PP Defense
1 - 74% - 60% - 3:34
2 - 26% - 40% - 1:16
PK Forward
1 - 74% - 60% - 6:47
2 - 26% - 40% - 2:22
PK Defense
1 - 62% - 60% - 5:43
2 - 38% - 40% - 3:26
PK3 Forward
1 - 0% - 60%
2 - 0% - 40%
PK3 Defense
1 - 0% - 60%
2 - 0% - 40%
44 Forward
1 - 0% - 60%
2 - 0% - 40%
44 Defense
1 - 0% - 60%
2 - 0% - 40%
Last Minute Offensive  - 0:00
Last Minute Defensive  - 0:49
Total
Forward - 60:00
Defense - 60:00

% Time on Ice - Moose

Lines # - Real PCT - Wanted PCT - Time Play
Normal Forward
1 - 34% - 40% - 15:24
2 - 30% - 30% - 13:23
3 - 22% - 20% - 9:51
4 - 15% - 10% - 6:34
Normal Defense
1 - 43% - 40% - 19:21
2 - 31% - 30% - 14:04
3 - 20% - 20% - 9:00
4 - 6% - 10% - 2:47
PP Forward
1 - 65% - 60% - 5:55
2 - 35% - 40% - 3:14
PP Defense
1 - 62% - 60% - 5:41
2 - 38% - 40% - 3:28
PK Forward
1 - 87% - 60% - 4:12
2 - 13% - 40% - 0:38
PK Defense
1 - 66% - 60% - 3:11
2 - 34% - 40% - 1:39
PK3 Forward
1 - 0% - 60%
2 - 0% - 40%
PK3 Defense
1 - 0% - 60%
2 - 0% - 40%
44 Forward
1 - 0% - 60%
2 - 0% - 40%
44 Defense
1 - 0% - 60%
2 - 0% - 40%
Last Minute Offensive  - 0:49
Last Minute Defensive  - 0:00
Total
Forward - 60:00
Defense - 60:00

Play-by-Play

1st period


0:01 of 1st period - Nathan Gerbe wins face-off versus Miro Aaltonen in neutral zone.
0:08 of 1st period - Wrist shot by Andreas Martinsen.
0:08 of 1st period - Deflect By Tyler Pitlick.
0:08 of 1st period - Shot Misses the Net.
0:08 of 1st period - Puck is out of play.
0:09 of 1st period - Miro Aaltonen wins face-off versus Andreas Martinsen in Moose zone.
0:24 of 1st period - Wrist shot by Andreas Martinsen.
0:24 of 1st period - Stopped by Filip Gustavsson with a rebound.
0:26 of 1st period - Slapshot by Nikita Tryamkin.
0:26 of 1st period - Goal by Nikita Tryamkin - Reign : 1 - Moose : 0.
0:27 of 1st period - Rourke Chartier wins face-off versus Dominik Kahun in neutral zone.
0:41 of 1st period - Snap shot by Iiro Pakarinen.
0:41 of 1st period - Stopped by Carter Hart with a rebound.
0:43 of 1st period - Slapshot by Vladislav Gavrikov.
0:43 of 1st period - Stopped by Carter Hart with a rebound.
0:59 of 1st period - Wrist shot by Austin Czarnik.
0:59 of 1st period - Shot Misses the Net.
1:46 of 1st period - Snap shot by Nathan Gerbe.
1:46 of 1st period - Shot Misses the Net.
1:48 of 1st period - Wrist shot by Tyler Pitlick.
1:48 of 1st period - Shot Blocked by Erik Cernak.
2:02 of 1st period - Snap shot by Iiro Pakarinen.
2:02 of 1st period - Shot Misses the Net.
2:32 of 1st period - Kurtis Macdermid is hit by Rem Pitlick and loses puck.
2:50 of 1st period - Snap shot by Joachim Blichfeld.
2:50 of 1st period - Stopped by Filip Gustavsson with a rebound.
3:08 of 1st period - Wrist shot by Nathan Gerbe.
3:08 of 1st period - Shot Misses the Net.
3:10 of 1st period - Snap shot by Tyler Pitlick.
3:10 of 1st period - Deflect By Andreas Martinsen.
3:10 of 1st period - Goal by Andreas Martinsen - Reign : 2 - Moose : 0.
3:11 of 1st period - Rourke Chartier wins face-off versus Miro Aaltonen in neutral zone.
3:18 of 1st period - Snap shot by Rourke Chartier.
3:18 of 1st period - Stopped by Filip Gustavsson with a rebound.
3:20 of 1st period - Snap shot by Nikita Tryamkin.
3:20 of 1st period - Deflect By Frank Vatrano.
3:20 of 1st period - Stopped by Filip Gustavsson without a rebound.
3:21 of 1st period - Rourke Chartier wins face-off versus Miro Aaltonen in Moose zone.
3:52 of 1st period - Snap shot by Rourke Chartier.
3:52 of 1st period - Stopped by Filip Gustavsson with a rebound.
3:54 of 1st period - Slapshot by Jordan Schmaltz.
3:54 of 1st period - Stopped by Filip Gustavsson with a rebound.
4:06 of 1st period - Wrist shot by Matthew Tkachuk.
4:06 of 1st period - Deflect By Ludwig Bystrom.
4:06 of 1st period - Stopped by Filip Gustavsson with a rebound.
4:43 of 1st period - Off-side.
4:44 of 1st period - Andreas Martinsen wins face-off versus Dominik Kahun in neutral zone.
5:56 of 1st period - Slapshot by Nathan Gerbe.
5:56 of 1st period - Stopped by Filip Gustavsson with a rebound.
6:24 of 1st period - Josh Anderson is hit by Pierre-Luc Dubois and loses puck.
7:35 of 1st period - Wrist shot by Dominik Kahun.
7:35 of 1st period - Stopped by Carter Hart with a rebound.
7:47 of 1st period - Wrist shot by Chase De Leo.
7:47 of 1st period - Stopped by Carter Hart with a rebound.
7:57 of 1st period - Minor Penalty to Logan Stanley for Delaying the game.
7:58 of 1st period - Miro Aaltonen wins face-off versus Joel Eriksson Ek in Reign zone.
9:49 of 1st period - Nikolay Goldobin is hit by Phillip Danault and loses puck.
9:56 of 1st period - Travis Sanheim is hit by Jordan Schmaltz and loses puck.
9:57 of 1st period - Penalty to Logan Stanley is over, Logan Stanley is back on ice.
10:45 of 1st period - Wrist shot by Chase De Leo.
10:45 of 1st period - Stopped by Carter Hart with a rebound.
10:51 of 1st period - Minor Penalty to Jack Dougherty for Holding.
10:52 of 1st period - Joel Eriksson Ek wins face-off versus Miro Aaltonen in Reign zone.
11:19 of 1st period - Frank Vatrano is hit by Andreas Martinsen and loses puck.
12:14 of 1st period - Nikolay Goldobin is hit by Dylan Blujus and loses puck.
12:51 of 1st period - Penalty to Jack Dougherty is over, Jack Dougherty is back on ice.
12:56 of 1st period - Off-side.
12:57 of 1st period - Rourke Chartier wins face-off versus Michael McLeod in neutral zone.
13:04 of 1st period - Snap shot by William Nylander.
13:04 of 1st period - Stopped by Filip Gustavsson without a rebound.
13:05 of 1st period - Michael McLeod wins face-off versus Nathan Gerbe in Moose zone.
13:18 of 1st period - Wrist shot by Rem Pitlick.
13:18 of 1st period - Shot Blocked by Tyler Pitlick.
13:20 of 1st period - Slapshot by Mirco Mueller.
13:20 of 1st period - Shot Blocked by Jack Dougherty.
14:20 of 1st period - Off-side.
14:21 of 1st period - Dominik Kahun wins face-off versus Joel Eriksson Ek in neutral zone.
14:28 of 1st period - Slapshot by Troy Stetcher.
14:28 of 1st period - Stopped by Carter Hart without a rebound.
14:29 of 1st period - Joel Eriksson Ek wins face-off versus Dominik Kahun in Reign zone.
14:29 of 1st period - Dylan Blujus is hit by Nikolay Goldobin and loses puck.
14:33 of 1st period - Icing by Thomas Chabot.
14:34 of 1st period - Miro Aaltonen wins face-off versus Joel Eriksson Ek in Reign zone.
14:35 of 1st period - Wrist shot by Frank Vatrano.
14:35 of 1st period - Shot Misses the Net.
14:47 of 1st period - Wrist shot by Dylan Blujus.
14:47 of 1st period - Shot Misses the Net.
14:49 of 1st period - Slapshot by Thomas Chabot.
14:49 of 1st period - Shot Blocked by Travis Sanheim.
14:51 of 1st period - Wrist shot by Thomas Chabot.
14:51 of 1st period - Shot Misses the Net.
15:10 of 1st period - Off-side.
15:11 of 1st period - Dominik Kahun wins face-off versus Nathan Gerbe in neutral zone.
15:36 of 1st period - Slapshot by Nikolay Goldobin.
15:36 of 1st period - Stopped by Carter Hart without a rebound.
15:37 of 1st period - Miro Aaltonen wins face-off versus William Nylander in Reign zone.
15:46 of 1st period - Snap shot by Rourke Chartier.
15:46 of 1st period - Shot Misses the Net.
15:48 of 1st period - Wrist shot by Thomas Chabot.
15:48 of 1st period - Shot Misses the Net.
16:06 of 1st period - Snap shot by Jeremy Bracco.
16:06 of 1st period - Stopped by Carter Hart without a rebound.
16:07 of 1st period - Nathan Gerbe wins face-off versus Michael McLeod in Reign zone.
16:07 of 1st period - Nathan Gerbe is hit by Rem Pitlick.
16:27 of 1st period - Minor Penalty to Rem Pitlick for Hooking.
16:28 of 1st period - Frank Vatrano wins face-off versus Rourke Chartier in Moose zone.
16:37 of 1st period - Off-side.
16:38 of 1st period - Rourke Chartier wins face-off versus Nikolay Goldobin in neutral zone.
17:01 of 1st period - Jakob Chychrun is hit by Nikolay Goldobin and loses puck.
18:03 of 1st period - Mirco Mueller is hit by Matthew Tkachuk and loses puck.
18:12 of 1st period - Wrist shot by William Nylander.
18:12 of 1st period - Shot Misses the Net.
18:14 of 1st period - Snap shot by William Nylander.
18:14 of 1st period - Deflect By Rourke Chartier.
18:14 of 1st period - Shot Blocked by Frank Vatrano.
18:14 of 1st period - Puck is out of play.
18:15 of 1st period - Frank Vatrano wins face-off versus Tyson Jost in Moose zone.
18:27 of 1st period - Penalty to Rem Pitlick is over, Rem Pitlick is back on ice.
18:30 of 1st period - Slapshot by Andreas Martinsen.
18:30 of 1st period - Shot Misses the Net.
18:47 of 1st period - Slapshot by Troy Stetcher.
18:47 of 1st period - Shot Misses the Net.
18:49 of 1st period - Slapshot by Ludwig Bystrom.
18:49 of 1st period - Shot Misses the Net.
18:51 of 1st period - Snap shot by Rem Pitlick.
18:51 of 1st period - Shot Blocked by Jack Dougherty.
18:53 of 1st period - Slapshot by Nathan Walker.
18:53 of 1st period - Shot Blocked by Nikita Tryamkin.
18:55 of 1st period - Slapshot by Michael McLeod.
18:55 of 1st period - Stopped by Carter Hart with a rebound.
18:57 of 1st period - Slapshot by Vladislav Gavrikov.
18:57 of 1st period - Shot Misses the Net.
18:59 of 1st period - Slapshot by Travis Sanheim.
18:59 of 1st period - Shot Blocked by Joel Eriksson Ek.
19:01 of 1st period - Slapshot by Vladislav Gavrikov.
19:01 of 1st period - Stopped by Carter Hart with a rebound.
19:03 of 1st period - Slapshot by Vladislav Gavrikov.
19:03 of 1st period - Shot Blocked by Nikita Tryamkin.
19:05 of 1st period - Snap shot by Nathan Walker.
19:05 of 1st period - Stopped by Carter Hart with a rebound.
19:09 of 1st period - Wrist shot by Rem Pitlick.
19:09 of 1st period - Goal by Rem Pitlick - Reign : 2 - Moose : 1.
19:10 of 1st period - Dominik Kahun wins face-off versus Nathan Gerbe in neutral zone.
19:13 of 1st period - Slapshot by Troy Stetcher.
19:13 of 1st period - Shot Hit the Post.
19:35 of 1st period - Carl Grundstrom is hit by Phillip Danault.
19:45 of 1st period - Slapshot by Travis Sanheim.
19:45 of 1st period - Stopped by Carter Hart with a rebound.
Goals for this period are 2 for Reign vs 1 for Moose.
Shots for this period are 11 for Reign vs 13 for Moose.

2nd period


0:01 of 2nd period - Rourke Chartier wins face-off versus Frank Vatrano in neutral zone.
0:04 of 2nd period - Frank Vatrano is hit by William Nylander.
0:26 of 2nd period - Tyler Pitlick is hit by Iiro Pakarinen and loses puck.
2:10 of 2nd period - Slapshot by Travis Sanheim.
2:10 of 2nd period - Shot Blocked by Nikita Tryamkin.
2:12 of 2nd period - Minor Penalty to Phillip Danault for Interference.
2:13 of 2nd period - Miro Aaltonen wins face-off versus Joel Eriksson Ek in Reign zone.
2:30 of 2nd period - Wrist shot by Nathan Walker.
2:30 of 2nd period - Deflect By Miro Aaltonen.
2:30 of 2nd period - Goal by Miro Aaltonen - Reign : 2 - Moose : 2.
2:31 of 2nd period - Miro Aaltonen wins face-off versus Rourke Chartier in neutral zone.
2:35 of 2nd period - Wrist shot by Ludwig Bystrom.
2:35 of 2nd period - Shot Blocked by Dylan Blujus.
2:37 of 2nd period - Snap shot by Ludwig Bystrom.
2:37 of 2nd period - Shot Misses the Net.
2:39 of 2nd period - Wrist shot by Miro Aaltonen.
2:39 of 2nd period - Shot Misses the Net.
2:53 of 2nd period - Minor Penalty to Thomas Chabot for Hooking.
2:54 of 2nd period - Iiro Pakarinen wins face-off versus Joel Eriksson Ek in Reign zone.
3:22 of 2nd period - Slapshot by Travis Sanheim.
3:22 of 2nd period - Shot Misses the Net.
3:24 of 2nd period - Wrist shot by Miro Aaltonen.
3:24 of 2nd period - Shot Blocked by Jordan Schmaltz.
3:48 of 2nd period - Snap shot by Iiro Pakarinen.
3:48 of 2nd period - Goal by Iiro Pakarinen - Reign : 2 - Moose : 3.
3:49 of 2nd period - Rourke Chartier wins face-off versus Michael McLeod in neutral zone.
3:58 of 2nd period - Snap shot by Michael McLeod.
3:58 of 2nd period - Stopped by Carter Hart with a rebound.
4:00 of 2nd period - Slapshot by Michael McLeod.
4:00 of 2nd period - Stopped by Carter Hart without a rebound.
4:01 of 2nd period - Dominik Kahun wins face-off versus Rourke Chartier in Reign zone.
4:04 of 2nd period - Wrist shot by Dominik Kahun.
4:04 of 2nd period - Shot Misses the Net.
4:06 of 2nd period - Snap shot by Troy Stetcher.
4:06 of 2nd period - Deflect By Nikolay Goldobin.
4:06 of 2nd period - Deflect By Thomas Chabot.
4:06 of 2nd period - Stopped by Carter Hart with a rebound.
4:08 of 2nd period - Snap shot by Nikolay Goldobin.
4:08 of 2nd period - Stopped by Carter Hart with a rebound.
4:35 of 2nd period - Wrist shot by Andreas Martinsen.
4:35 of 2nd period - Stopped by Filip Gustavsson with a rebound.
4:37 of 2nd period - Snap shot by Nathan Gerbe.
4:37 of 2nd period - Stopped by Filip Gustavsson without a rebound.
4:38 of 2nd period - Jeremy Bracco wins face-off versus Trevor Moore in Moose zone.
5:07 of 2nd period - Snap shot by Miro Aaltonen.
5:07 of 2nd period - Deflect By Jordan Schmaltz.
5:07 of 2nd period - Shot Misses the Net.
5:07 of 2nd period - Puck is out of play.
5:08 of 2nd period - Miro Aaltonen wins face-off versus Rourke Chartier in Reign zone.
5:15 of 2nd period - Slapshot by Thomas Chabot.
5:15 of 2nd period - Shot Blocked by Troy Stetcher.
5:17 of 2nd period - Snap shot by Dylan Blujus.
5:17 of 2nd period - Shot Misses the Net.
5:27 of 2nd period - Snap shot by Matthew Tkachuk.
5:27 of 2nd period - Stopped by Filip Gustavsson without a rebound.
5:28 of 2nd period - Dominik Kahun wins face-off versus Andreas Martinsen in Moose zone.
5:28 of 2nd period - Dominik Kahun is hit by Andreas Martinsen.
5:34 of 2nd period - Tyler Pitlick is hit by Nikolay Goldobin.
5:40 of 2nd period - Snap shot by Andreas Martinsen.
5:40 of 2nd period - Stopped by Filip Gustavsson with a rebound.
5:50 of 2nd period - Iiro Pakarinen is hit by Andreas Martinsen and loses puck.
6:05 of 2nd period - Slapshot by Dominik Kahun.
6:05 of 2nd period - Shot Misses the Net.
6:35 of 2nd period - Snap shot by Dominik Kahun.
6:35 of 2nd period - Shot Blocked by Jakob Chychrun.
6:49 of 2nd period - Wrist shot by Dominik Kahun.
6:49 of 2nd period - Stopped by Carter Hart with a rebound.
6:51 of 2nd period - Slapshot by Travis Sanheim.
6:51 of 2nd period - Stopped by Carter Hart with a rebound.
6:53 of 2nd period - Snap shot by Travis Sanheim.
6:53 of 2nd period - Deflect By Tyler Pitlick.
6:53 of 2nd period - Stopped by Carter Hart with a rebound.
6:58 of 2nd period - Minor Penalty to Andreas Martinsen for Hooking.
6:59 of 2nd period - Miro Aaltonen wins face-off versus Tyson Jost in Reign zone.
7:01 of 2nd period - Wrist shot by Miro Aaltonen.
7:01 of 2nd period - Deflect By Michael McLeod.
7:01 of 2nd period - Stopped by Carter Hart without a rebound.
7:02 of 2nd period - Joel Eriksson Ek wins face-off versus Miro Aaltonen in Reign zone.
7:53 of 2nd period - Nikolay Goldobin is hit by Phillip Danault and loses puck.
8:58 of 2nd period - Penalty to Andreas Martinsen is over, Andreas Martinsen is back on ice.
9:18 of 2nd period - Snap shot by Andreas Martinsen.
9:18 of 2nd period - Shot Misses the Net.
9:32 of 2nd period - Snap shot by William Nylander.
9:32 of 2nd period - Stopped by Filip Gustavsson without a rebound.
9:33 of 2nd period - Joel Eriksson Ek wins face-off versus Chase De Leo in Moose zone.
9:38 of 2nd period - Slapshot by Joel Eriksson Ek.
9:38 of 2nd period - Stopped by Filip Gustavsson with a rebound.
9:40 of 2nd period - Snap shot by Josh Anderson.
9:40 of 2nd period - Stopped by Filip Gustavsson with a rebound.
9:42 of 2nd period - Snap shot by Josh Anderson.
9:42 of 2nd period - Goal by Josh Anderson - Reign : 3 - Moose : 3.
9:43 of 2nd period - Miro Aaltonen wins face-off versus Joachim Blichfeld in neutral zone.
11:33 of 2nd period - Icing by Dominik Kahun.
11:34 of 2nd period - Trevor Moore wins face-off versus Dominik Kahun in Moose zone.
11:45 of 2nd period - Slapshot by Thomas Chabot.
11:45 of 2nd period - Stopped by Filip Gustavsson without a rebound.
11:46 of 2nd period - Rourke Chartier wins face-off versus Miro Aaltonen in Moose zone.
12:13 of 2nd period - Dylan Blujus is hit by Dominik Kahun and loses puck.
12:49 of 2nd period - Off-side.
12:50 of 2nd period - Chase De Leo wins face-off versus Rourke Chartier in neutral zone.
13:08 of 2nd period - Minor Penalty to Pierre-Luc Dubois for Interference.
13:09 of 2nd period - Rourke Chartier wins face-off versus Frank Vatrano in Moose zone.
13:23 of 2nd period - Slapshot by Thomas Chabot.
13:23 of 2nd period - Shot Misses the Net.
13:25 of 2nd period - Snap shot by Rourke Chartier.
13:25 of 2nd period - Goal by Rourke Chartier - Reign : 4 - Moose : 3.
13:26 of 2nd period - Miro Aaltonen wins face-off versus Trevor Moore in neutral zone.
13:33 of 2nd period - Slapshot by Nathan Walker.
13:33 of 2nd period - Stopped by Carter Hart without a rebound.
13:34 of 2nd period - Miro Aaltonen wins face-off versus Trevor Moore in Reign zone.
13:43 of 2nd period - Wrist shot by Nathan Walker.
13:43 of 2nd period - Shot Misses the Net.
14:23 of 2nd period - Snap shot by Michael McLeod.
14:23 of 2nd period - Stopped by Carter Hart with a rebound.
14:25 of 2nd period - Snap shot by Travis Sanheim.
14:25 of 2nd period - Stopped by Carter Hart without a rebound.
14:26 of 2nd period - Rourke Chartier wins face-off versus Miro Aaltonen in Reign zone.
14:26 of 2nd period - Rourke Chartier is hit by Nathan Walker.
14:40 of 2nd period - Snap shot by Miro Aaltonen.
14:40 of 2nd period - Shot Blocked by Jack Dougherty.
14:42 of 2nd period - Snap shot by Nathan Walker.
14:42 of 2nd period - Stopped by Carter Hart without a rebound.
14:43 of 2nd period - Iiro Pakarinen wins face-off versus Nathan Gerbe in Reign zone.
14:52 of 2nd period - Snap shot by Andreas Martinsen.
14:52 of 2nd period - Shot Misses the Net.
14:54 of 2nd period - Snap shot by Nathan Gerbe.
14:54 of 2nd period - Shot Blocked by Ludwig Bystrom.
14:56 of 2nd period - Slapshot by Nikita Tryamkin.
14:56 of 2nd period - Shot Misses the Net.
14:58 of 2nd period - Slapshot by Jordan Schmaltz.
14:58 of 2nd period - Deflect By Troy Stetcher.
14:58 of 2nd period - Stopped by Filip Gustavsson without a rebound.
14:59 of 2nd period - Miro Aaltonen wins face-off versus Joel Eriksson Ek in Moose zone.
15:18 of 2nd period - Nathan Walker is hit by Thomas Chabot and loses puck.
15:47 of 2nd period - Wrist shot by Miro Aaltonen.
15:47 of 2nd period - Shot Misses the Net.
15:51 of 2nd period - Snap shot by Miro Aaltonen.
15:51 of 2nd period - Shot Blocked by Thomas Chabot.
15:53 of 2nd period - Slapshot by Frank Vatrano.
15:53 of 2nd period - Shot Misses the Net.
16:13 of 2nd period - Wrist shot by Miro Aaltonen.
16:13 of 2nd period - Shot Misses the Net.
16:58 of 2nd period - Icing by Thomas Chabot.
16:59 of 2nd period - Joel Eriksson Ek wins face-off versus Dominik Kahun in Reign zone.
17:18 of 2nd period - Snap shot by Joachim Blichfeld.
17:18 of 2nd period - Stopped by Filip Gustavsson with a rebound.
17:30 of 2nd period - Wrist shot by Chase De Leo.
17:30 of 2nd period - Stopped by Carter Hart with a rebound.
17:48 of 2nd period - Snap shot by Joel Eriksson Ek.
17:48 of 2nd period - Goal by Joel Eriksson Ek - Reign : 5 - Moose : 3.
17:48 of 2nd period - Emil Larmi enters game.
17:49 of 2nd period - Dominik Kahun wins face-off versus Rourke Chartier in neutral zone.
17:52 of 2nd period - Matthew Tkachuk is hit by Iiro Pakarinen and loses puck.
18:05 of 2nd period - Snap shot by Iiro Pakarinen.
18:05 of 2nd period - Stopped by Carter Hart without a rebound.
18:06 of 2nd period - Nathan Gerbe wins face-off versus Michael McLeod in Reign zone.
18:06 of 2nd period - Nathan Gerbe is hit by Michael McLeod.
19:02 of 2nd period - Phillip Danault is hit by Carl Grundstrom and loses puck.
19:19 of 2nd period - Jakob Chychrun is hit by Troy Stetcher and loses puck.
19:30 of 2nd period - Minor Penalty to Austin Czarnik for Roughing.
19:31 of 2nd period - Nathan Walker wins face-off versus William Nylander in Reign zone.
19:44 of 2nd period - Troy Stetcher is hit by William Nylander and loses puck.
Goals for this period are 3 for Reign vs 2 for Moose.
Shots for this period are 13 for Reign vs 16 for Moose.

3rd period


0:01 of 3rd period - Miro Aaltonen wins face-off versus Joel Eriksson Ek in neutral zone.
0:08 of 3rd period - Snap shot by Miro Aaltonen.
0:08 of 3rd period - Shot Misses the Net.
0:10 of 3rd period - Snap shot by Miro Aaltonen.
0:10 of 3rd period - Shot Misses the Net.
0:12 of 3rd period - Snap shot by Travis Sanheim.
0:12 of 3rd period - Shot Misses the Net.
0:14 of 3rd period - Wrist shot by Nathan Walker.
0:14 of 3rd period - Stopped by Carter Hart without a rebound.
0:15 of 3rd period - Miro Aaltonen wins face-off versus Joel Eriksson Ek in Reign zone.
1:03 of 3rd period - Wrist shot by Nathan Walker.
1:03 of 3rd period - Stopped by Carter Hart without a rebound.
1:04 of 3rd period - Dominik Kahun wins face-off versus Joel Eriksson Ek in Reign zone.
1:28 of 3rd period - Troy Stetcher is hit by Tyson Jost and loses puck.
1:30 of 3rd period - Penalty to Austin Czarnik is over, Austin Czarnik is back on ice.
1:51 of 3rd period - Wrist shot by Dominik Kahun.
1:51 of 3rd period - Shot Misses the Net.
2:03 of 3rd period - Troy Stetcher is hit by Joel Eriksson Ek and loses puck.
2:36 of 3rd period - Snap shot by Austin Czarnik.
2:36 of 3rd period - Shot Blocked by Frank Vatrano.
2:38 of 3rd period - Wrist shot by Tyson Jost.
2:38 of 3rd period - Stopped by Emil Larmi without a rebound.
2:39 of 3rd period - Rem Pitlick wins face-off versus Rourke Chartier in Moose zone.
3:05 of 3rd period - Pierre-Luc Dubois is hit by Nathan Gerbe and loses puck.
3:28 of 3rd period - William Nylander is hit by Mirco Mueller and loses puck.
3:47 of 3rd period - Nathan Walker is hit by Logan Stanley and loses puck.
4:11 of 3rd period - Icing by Travis Sanheim.
4:12 of 3rd period - Nathan Gerbe wins face-off versus Chase De Leo in Moose zone.
4:15 of 3rd period - Snap shot by William Nylander.
4:15 of 3rd period - Stopped by Emil Larmi without a rebound.
4:16 of 3rd period - Rourke Chartier wins face-off versus Michael McLeod in Moose zone.
4:39 of 3rd period - Phillip Danault is hit by Frank Vatrano and loses puck.
4:44 of 3rd period - Snap shot by Miro Aaltonen.
4:44 of 3rd period - Goal by Miro Aaltonen - Reign : 5 - Moose : 4.
4:45 of 3rd period - Rourke Chartier wins face-off versus Miro Aaltonen in neutral zone.
5:10 of 3rd period - Iiro Pakarinen is hit by Tyler Pitlick and loses puck.
5:31 of 3rd period - Slapshot by Austin Czarnik.
5:31 of 3rd period - Shot Misses the Net.
5:37 of 3rd period - Trevor Moore is hit by Rem Pitlick and loses puck.
5:51 of 3rd period - Off-side.
5:52 of 3rd period - Nathan Walker wins face-off versus Joel Eriksson Ek in neutral zone.
5:59 of 3rd period - Wrist shot by Miro Aaltonen.
5:59 of 3rd period - Stopped by Carter Hart with a rebound.
6:01 of 3rd period - Slapshot by Troy Stetcher.
6:01 of 3rd period - Goal by Troy Stetcher - Reign : 5 - Moose : 5.
6:02 of 3rd period - Rourke Chartier wins face-off versus Miro Aaltonen in neutral zone.
6:17 of 3rd period - Snap shot by Nathan Walker.
6:17 of 3rd period - Shot Hit the Post.
6:51 of 3rd period - Nikita Tryamkin is hit by Travis Sanheim and loses puck.
7:08 of 3rd period - Nathan Walker is hit by Rourke Chartier and loses puck.
7:51 of 3rd period - Thomas Chabot is hit by Nikolay Goldobin.
8:11 of 3rd period - Jack Dougherty is hit by Frank Vatrano and loses puck.
8:20 of 3rd period - Ludwig Bystrom is hit by Austin Czarnik and loses puck.
8:31 of 3rd period - Snap shot by Rourke Chartier.
8:31 of 3rd period - Shot Misses the Net.
8:55 of 3rd period - Carl Grundstrom is hit by Joel Eriksson Ek and loses puck.
9:43 of 3rd period - Snap shot by Austin Czarnik.
9:43 of 3rd period - Shot Blocked by Miro Aaltonen.
9:45 of 3rd period - Wrist shot by Jordan Schmaltz.
9:45 of 3rd period - Shot Blocked by Frank Vatrano.
10:05 of 3rd period - Snap shot by Michael McLeod.
10:05 of 3rd period - Goal by Michael McLeod - Reign : 5 - Moose : 6.
10:06 of 3rd period - Rourke Chartier wins face-off versus Miro Aaltonen in neutral zone.
10:34 of 3rd period - Icing by Nikolay Goldobin.
10:35 of 3rd period - Nathan Gerbe wins face-off versus Dominik Kahun in Moose zone.
11:25 of 3rd period - Wrist shot by Austin Czarnik.
11:25 of 3rd period - Stopped by Emil Larmi without a rebound.
11:26 of 3rd period - Michael McLeod wins face-off versus Trevor Moore in Moose zone.
11:31 of 3rd period - Slapshot by Troy Stetcher.
11:31 of 3rd period - Shot Misses the Net.
11:42 of 3rd period - Slapshot by Jakob Chychrun.
11:42 of 3rd period - Deflect By Rem Pitlick.
11:42 of 3rd period - Stopped by Emil Larmi with a rebound.
11:48 of 3rd period - Minor Penalty to Michael McLeod for Holding.
11:49 of 3rd period - Frank Vatrano wins face-off versus Rourke Chartier in Moose zone.
12:16 of 3rd period - Nikolay Goldobin is hit by Andreas Martinsen and loses puck.
12:23 of 3rd period - Wrist shot by Tyler Pitlick.
12:23 of 3rd period - Goal by Tyler Pitlick - Reign : 6 - Moose : 6.
12:24 of 3rd period - Rourke Chartier wins face-off versus Miro Aaltonen in neutral zone.
12:51 of 3rd period - Jack Dougherty is hit by Jeremy Bracco and loses puck.
13:22 of 3rd period - Wrist shot by Austin Czarnik.
13:22 of 3rd period - Shot Misses the Net.
13:57 of 3rd period - Slapshot by Matthew Tkachuk.
13:57 of 3rd period - Stopped by Emil Larmi with a rebound.
13:59 of 3rd period - Snap shot by Matthew Tkachuk.
13:59 of 3rd period - Shot Blocked by Frank Vatrano.
14:05 of 3rd period - Wrist shot by Rourke Chartier.
14:05 of 3rd period - Stopped by Emil Larmi with a rebound.
14:11 of 3rd period - Minor Penalty to Frank Vatrano for Holding.
14:12 of 3rd period - Rourke Chartier wins face-off versus Michael McLeod in Moose zone.
14:13 of 3rd period - Wrist shot by Matthew Tkachuk.
14:13 of 3rd period - Shot Misses the Net.
14:15 of 3rd period - Snap shot by Thomas Chabot.
14:15 of 3rd period - Deflect By Matthew Tkachuk.
14:15 of 3rd period - Shot Blocked by Ludwig Bystrom.
14:15 of 3rd period - Puck is out of play.
14:16 of 3rd period - Rourke Chartier wins face-off versus Michael McLeod in Moose zone.
15:34 of 3rd period - Nathan Walker is hit by Nikita Tryamkin and loses puck.
16:11 of 3rd period - Penalty to Frank Vatrano is over, Frank Vatrano is back on ice.
16:46 of 3rd period - Snap shot by Josh Anderson.
16:46 of 3rd period - Stopped by Emil Larmi without a rebound.
16:47 of 3rd period - Trevor Moore wins face-off versus Dominik Kahun in Moose zone.
16:48 of 3rd period - Snap shot by Austin Czarnik.
16:48 of 3rd period - Shot Blocked by Iiro Pakarinen.
17:08 of 3rd period - Phillip Danault is hit by Miro Aaltonen and loses puck.
17:43 of 3rd period - Trevor Moore is hit by Iiro Pakarinen and loses puck.
17:48 of 3rd period - Snap shot by Nikolay Goldobin.
17:48 of 3rd period - Stopped by Carter Hart with a rebound.
18:30 of 3rd period - Icing by Jordan Schmaltz.
18:31 of 3rd period - Nathan Gerbe wins face-off versus Dominik Kahun in Reign zone.
19:02 of 3rd period - Slapshot by Nathan Gerbe.
19:02 of 3rd period - Stopped by Emil Larmi with a rebound.
19:10 of 3rd period - Snap shot by Tyler Pitlick.
19:10 of 3rd period - Goal by Tyler Pitlick - Reign : 7 - Moose : 6.
19:11 of 3rd period - Miro Aaltonen wins face-off versus Joel Eriksson Ek in neutral zone.
19:16 of 3rd period - Moose, Emil Larmi is pulled from the net.
19:28 of 3rd period - Snap shot by Iiro Pakarinen.
19:28 of 3rd period - Stopped by Carter Hart with a rebound.
19:34 of 3rd period - Wrist shot by Miro Aaltonen.
19:34 of 3rd period - Stopped by Carter Hart with a rebound.
19:36 of 3rd period - Snap shot by Iiro Pakarinen.
19:36 of 3rd period - Stopped by Carter Hart with a rebound.
19:38 of 3rd period - Slapshot by Miro Aaltonen.
19:38 of 3rd period - Shot Misses the Net.
19:40 of 3rd period - Wrist shot by Nathan Walker.
19:40 of 3rd period - Shot Misses the Net.
19:42 of 3rd period - Snap shot by Iiro Pakarinen.
19:42 of 3rd period - Stopped by Carter Hart with a rebound.
19:44 of 3rd period - Wrist shot by Iiro Pakarinen.
19:44 of 3rd period - Stopped by Carter Hart with a rebound.
19:46 of 3rd period - Snap shot by Iiro Pakarinen.
19:46 of 3rd period - Shot Misses the Net.
19:50 of 3rd period - Wrist shot by Nathan Walker.
19:50 of 3rd period - Shot Blocked by Andreas Martinsen.
19:52 of 3rd period - Wrist shot by Troy Stetcher.
19:52 of 3rd period - Shot Misses the Net.
19:54 of 3rd period - Wrist shot by Nathan Walker.
19:54 of 3rd period - Shot Misses the Net.
Goals for this period are 2 for Reign vs 3 for Moose.
Shots for this period are 10 for Reign vs 12 for Moose.